 Dungeon Crawl Stone Soup version 0.27-a0-538-g15ff5c5295 (webtiles) character file.

Game seed: 1281729907098223935

117 siradein the Firebug (level 5, -7/28 HPs)
             Began as a Gargoyle Fire Elementalist on Mar 7, 2021.
             Shot with an arrow by a centaur (12 damage)
             ... on level 3 of the Dungeon.
             The game lasted 00:05:37 (2381 turns).

siradein the Firebug (Gargoyle Fire Elementalist)   Turns: 2381, Time: 00:05:38

Health: -7/28      AC:  6    Str: 12    XL:     5   Next: 1%
Magic:  4/8        EV: 11    Int: 16    God:
Gold:   127        SH:  0    Dex: 10    Spells: 7/8 levels left

rFire    . . .     SeeInvis .   (no weapon)
rCold    . . .     Faith    .   (no shield)
rNeg     + . .     Spirit   .   a - +0 robe
rPois    ∞         Reflect  .   (no helmet)
rElec    +         Harm     .   (no cloak)
rCorr    .         Rampage  .   (no gloves)
Will     .....                  (no boots)
Stlth    ++........             (no amulet)
HPRegen  0.09/turn              (no ring)
MPRegen  0.11/turn              (no ring)

@: no status effects
A: negative energy resistance 1, electricity resistance, torment resistance 1,
unbreathing 1, petrification resistance, AC +4
a: no special abilities


You were on level 3 of the Dungeon.
You visited 1 branch of the dungeon, and saw 3 of its levels.

You collected 127 gold pieces.

Inventory:

Missiles
 c - 3 atropa-tipped darts
Armour
 a - a +0 robe (worn)
Jewellery
 k - an amulet of guardian spirit
Scrolls
 b - 4 scrolls of identify {unknown}
 d - a scroll of fog {unknown}
 e - a scroll of amnesia {unknown}
 f - 3 scrolls of magic mapping {unknown}
 h - a scroll of teleportation {unknown}
Potions
 g - 2 potions of haste {unknown}
 i - 4 potions of curing {unknown}
 j - a potion of lignification {unknown}
 l - a potion of might {unknown}


   Skills:
 - Level 1.5 Dodging
 - Level 2.1 Stealth
 - Level 2.0 Spellcasting
 - Level 1.1 Conjurations
 + Level 5.5 Fire Magic


You had 7 spell levels left.
You knew the following spells:

 Your Spells              Type           Power      Damage    Failure   Level
a - Foxfire               Conj/Fire      48%        2x1d6     5%          1

Your spell library contained the following spells:

 Spells                   Type           Power      Damage    Failure   Level
 Conjure Flame            Conj/Fire      12%        6-21      16%         3
 Inner Flame              Hex/Fire       10%        N/A       21%         3
 Sticky Flame             Conj/Fire      12%        2d4       47%         4
 Fireball                 Conj/Fire      6%         3d5       83%         5


Dungeon Overview and Level Annotations

Branches:
Dungeon (3/15)

Altars:
Sif Muna


Innate Abilities, Weirdness & Mutations

Your stone body is resilient. (AC +4)
You are immune to poison.
You resist negative energy. (rN+)
You are resistant to electric shocks. (rElec)
You are resistance to unholy torment.
You can survive without breathing.
You are immune to petrification.


Message History

You see here a +0 ring mail.
Casting: Foxfire (safe; 5% risk of failure)
Press: ? - help, Q - select action, (/) - cycle Dir - look around, f - activate You conjure some foxfire!
The foxfire hits the orc.
You kill the orc!
The foxfire hits the centaur.
The centaur is lightly wounded.
The centaur wields a +0 shortbow.
The centaur shoots an arrow.
The arrow barely misses you.
You hear a shout!
Casting: Foxfire (safe; 5% risk of failure)
Press: ? - help, Q - select action, (/) - cycle Dir - look around, f - activate You conjure some foxfire!
The centaur shoots an arrow.
The arrow hits you.
You hear a shout!
The foxfire hits the centaur but does no damage.
The centaur is lightly wounded.
The foxfire hits the centaur.
The centaur is lightly wounded.
Casting: Foxfire (safe; 5% risk of failure)
Press: ? - help, Q - select action, (/) - cycle Dir - look around, f - activate You conjure some foxfire!
The centaur shoots an arrow.
The arrow hits you!
The foxfire hits the centaur.
The centaur is moderately wounded.
The foxfire hits the centaur.
The centaur is heavily wounded.
Casting: Foxfire (safe; 5% risk of failure)
Press: ? - help, Q - select action, (/) - cycle Dir - look around, f - activate You conjure some foxfire!
The centaur shoots an arrow.
The arrow hits you.
The foxfire hits the centaur.
The centaur is severely wounded.
The centaur shoots an arrow.
The arrow hits you.
* * * LOW HITPOINT WARNING * * *
The foxfire hits the centaur.
The centaur is almost dead.
The centaur shoots an arrow.
The arrow hits you!
You die...

#####################
.......§.@...........
######§§..#.#....#..#
#§...#.#....# .#
#..###.###..#..#
#c)#.....#..#..# #
.#########..#######..#..#.#.
.....c.o.[..≈≈≈≈≈≈≈.........
.#########..#######.........
.....####).#.....#.........


You could see a centaur.

Vanquished Creatures
  4 adders (D:2)
  3 oozes
  4 dart slugs
  A leopard gecko (D:2)
  3 orcs (D:3)
  A giant cockroach (D:1)
  5 goblins
  9 hobgoblins
  3 jackals (D:1)
  9 kobolds
  A quokka (D:2)
  4 bats
  4 frilled lizards
  6 rats (D:1)
57 creatures vanquished.

Vanquished Creatures (others)
  165 foxfires
165 creatures vanquished.

Grand Total: 222 creatures vanquished

Notes
Turn   | Place    | Note
-------+----------+-------------------------------------------
     0 | D:1      | siradein the Gargoyle Fire Elementalist began the quest for
                  | the Orb.
     0 | D:1      | Reached XP level 1. HP: 10/10 MP: 3/3
   125 | D:1      | Reached XP level 2. HP: 4/15 MP: 0/5
   691 | D:1      | Reached skill level 4 in Fire Magic
   691 | D:1      | Reached XP level 3. HP: 19/19 MP: 2/6
  1374 | D:2      | Reached XP level 4. HP: 24/24 MP: 3/7
  1476 | D:2      | Reached skill level 5 in Fire Magic
  1962 | D:2      | Found a shimmering blue altar of Sif Muna.
  2326 | D:3      | Reached XP level 5. HP: 28/28 MP: 4/8
  2365 | D:3      | Noticed a centaur
  2381 | D:3      | Shot with an arrow by a centaur

Illustrated notes

Levels and vault maps discovered:
D:1:      scummos_arrival_simple_crosswalls, layout_rooms,
          minmay_indecisive_spiral
D:2:      layout_basic, chequers_hall_statues_y, led_sif_pool
D:3:      layout_basic, minivault_19, grunt_decor_cap

Skill      XL: |  1  2  3  4 |
---------------+-------------+-----
Fire Magic     | 4 5 |  5.5
Dodging        | |  1.5
Stealth        | |  2.1
Spellcasting   | |  2.0
Conjurations   | |  1.1

Action                   |  1- 3 |  4- 6 || total
-------------------------+-------+-------++-------
 Cast: Foxfire           |    52 |    46 ||    98
Armor: Robe              |    12 |     4 ||    16
Dodge: Dodged            |    30 |    11 ||    41

Table legend: (Time is in decaauts)
 A = Elapsed time spent in this place.
 B = Non-inter-level travel time spent in this place.
 C = Inter-level travel time spent in this place.
 D = Time resting spent in this place.
 E = Time spent auto-exploring this place.
 F = Levels seen in this place.
 G = Mean time per level.
                   A        B        C        D        E       F      G
               +--------+--------+--------+--------+--------+-----+--------+
         Total |   2381 |   2358 |     23 |      0 |   1915 |   3 |  793.7 |
       Dungeon |   2381 |   2358 |     23 |      0 |   1915 |   3 |  793.7 |
               +--------+--------+--------+--------+--------+-----+--------+

Top non-repeatable levels by time:
     D:1: 1266 daAuts
     D:2: 942 daAuts
     D:3: 172 daAuts
